 Dungeon Crawl Stone Soup version 0.21-a0-251-g5e8393f (webtiles) character file.

133 tidbits the Insei (level 4, -5/34 HPs)
             Began as a Demigod Transmuter on Sept 5, 2017.
             Slain by a worm (11 damage)
             ... on level 3 of the Dungeon.
             The game lasted 00:10:02 (1226 turns).

tidbits the Insei (Demigod Transmuter)              Turns: 1226, Time: 00:10:03

Health: -5/34      AC:  2    Str: 13    XL:     4   Next: 63%
Magic:  1/9        EV: 12    Int: 19    God:
Gold:   79         SH:  0    Dex: 16    Spells: 1/7 levels left

rFire    . . .     SeeInvis .   a - +2 dagger (venom)
rCold    . . .     Gourm    .   (no shield)
rNeg     . . .     Faith    .   b - +0 robe
rPois    .         Spirit   .   (no helmet)
rElec    .         Reflect  .   (no cloak)
rCorr    .         Harm     .   (no gloves)
MR       .....                  (boots currently unavailable)
Stlth    +.........             (no amulet)
HPRegen  0.11/turn              (no ring)
MPRegen  0.11/turn              (no ring)

@: appendage, very slightly contaminated
A: talons 3, high mp 1
a: End Transformation


You were on level 3 of the Dungeon.
You were not hungry.
You had grown temporary talons.
You visited 1 branch of the dungeon, and saw 3 of its levels.

You collected 79 gold pieces.

Inventory:

Hand Weapons
 a - a +2 dagger of venom (weapon)
   (You took it off a kobold on level 1 of the Dungeon)
 f - a +0 dagger
 h - a +0 spear
 k - a +0 dagger of flaming
   (You took it off a goblin on level 1 of the Dungeon)
 l - a +0 hunting sling
Missiles
 e - 17 arrows
 j - 5 curare-tipped needles
 m - 22 poisoned needles
Armour
 b - a +0 robe (worn)
Jewellery
 y - an uncursed ring of ice
   (You found it on level 3 of the Dungeon)
Scrolls
 g - 2 scrolls of fog
 i - a scroll of teleportation {unknown}
 n - 3 scrolls of remove curse {unknown}
 p - a scroll of immolation {unknown}
 w - a scroll of magic mapping {unknown}
Potions
 o - a potion of invisibility
 r - 2 potions of flight
 u - a potion of berserk rage {unknown}
 x - 2 potions of curing
Books
 c - a book of Changes

   Spells                             Type                      Level
   a - Beastly Appendage              Transmutation                1
   b - Sticks to Snakes               Transmutation                2
   c - Spider Form                    Transmutation/Poison         3
   d - Ice Form                       Ice/Transmutation            4
   e - Blade Hands                    Transmutation                5
Comestibles
 d - 2 bread rations
 q - 2 royal jellies
 s - 3 fruits
 v - a meat ration


   Skills:
 - Level 0.8 Fighting
 - Level 1.7 Dodging
 + Level 4.2 Unarmed Combat
 - Level 2.0 Spellcasting
 - Level 3.1 Transmutations


You had one spell level left.
You knew the following spells:

 Your Spells              Type           Power        Failure   Level  Hunger
e - Beastly Appendage     Tmut           ##....       4%          1    #......
k - Sticks to Snakes      Tmut           ##......     7%          2    ###....
p - Spider Form           Tmut/Pois      #.........   26%         3    ###....


Dungeon Overview and Level Annotations

Branches:
Dungeon (3/15)


Innate Abilities, Weirdness & Mutations

You have an increased reservoir of magic. (+10% MP)
You have claws for feet.


Message History

A bat comes into view.
Found a stone staircase leading down.
Found a stone staircase leading up.
The bat completely misses you.
You closely miss the bat. The bat hits you but does no damage. x2
You barely miss the bat. The bat hits you but does no damage.
Casting: Beastly Appendage
Confirm with . or Enter, or press ? or * to list all spells.
Your feet morph into talons.
The bat closely misses you. The bat completely misses you.
You barely miss the bat. You claw the bat.
You kill the bat!
An adder comes into view.
The adder hisses angrily.
The adder bites you. The adder barely misses you.
You hit the adder.
The adder is poisoned.
Your kick misses the adder.
The adder is moderately wounded.
The adder barely misses you. The adder misses you.
Casting: Beastly Appendage
Confirm with . or Enter, or press ? or * to list all spells.
Your talons disappear.
You turn into a venomous arachnid creature.
Your +2 dagger of venom melds into your body.
Your +0 robe melds into your body.
Your +2 dagger of venom stops dripping with poison.
The adder misses you. x2
You bite the adder!
You kill the adder!
You see here an adder corpse.
You butcher the adder corpse.
Things that are here:
a chunk of flesh; an adder skeleton
t - 2 chunks of flesh (gained 1)
You enter the shallow water.
Moving in this stuff is going to be slow.
You hear the rusting of a drain nearby.
Your transformation is almost over.
Your transformation has ended.
Your +2 dagger of venom unmelds from your body.
Your +0 robe unmelds from your body.
Your +2 dagger of venom begins to drip with poison!
Some of the chunks of flesh in your inventory have rotted away.
A rat, a river rat and a worm come into view.
The river rat closely misses you. The river rat bites you.
* * * LOW HITPOINT WARNING * * *
A quokka comes into view.
Casting: Spider Form
Confirm with . or Enter, or press ? or * to list all spells.
You turn into a venomous arachnid creature.
Your +2 dagger of venom melds into your body.
Your +0 robe melds into your body.
Your +2 dagger of venom stops dripping with poison.
You are feeling hungry.
The river rat completely misses you.
Casting: Spider Form
Confirm with . or Enter, or press ? or * to list all spells.
You miscast Sticks to Snakes.
You are very lightly contaminated with residual magic.
Nothing appears to happen.
The river rat bites you.
* * * LOW HITPOINT WARNING * * *
The quokka bites you.
* * * LOW HITPOINT WARNING * * *
The river rat misses you. The quokka barely misses you.
You barely miss the river rat. The river rat completely misses you.
Your transformation is almost over.
You bite the quokka!
You kill the quokka!
You hit the river rat.
The river rat is moderately wounded.
The river rat closely misses you.
You hit the river rat.
The river rat is severely wounded.
The river rat barely misses you.
You hit the river rat.
You kill the river rat!
You hit the rat.
You kill the rat!
Eat a chunk of flesh? (ye/n/q)
You eat the chunk of flesh.
This raw flesh tastes terrible.
Your transformation has ended.
Your +2 dagger of venom unmelds from your body.
Your +0 robe unmelds from your body.
Your +2 dagger of venom begins to drip with poison!
You see here a rat corpse.
Casting: Sticks to Snakes
Confirm with . or Enter, or press ? or * to list all spells.
Your feet morph into talons.
You hit the worm but do no damage.
The worm is poisoned.
You claw the worm, but do no damage. You hit the worm but do no damage.
The worm looks as sick as possible!
You claw the worm.
The worm is lightly wounded.
The worm bites you.
* * * LOW HITPOINT WARNING * * *
You hit the worm.
The worm looks as sick as possible!
The worm is moderately wounded.
The worm bites you!
You die...

## #≈≈≈#...########.#
.# #≈#≈#≈...........#
.# #≈#≈#≈..##..... ..
.# wr#≈≈≈≈..#..###...
.###
##≈#≈#≈............
...#
≈≈#≈≈≈..##........
.#.#
###≈#...##..#.....
.#.# #≈≈≈w..†..# ##..
.#.# #≈≈.@..#..# .
.#.#####
###÷.#†##.....
##.....#
##...##.##.......
#####.#
##...><#.######... #
#.# #........# ...
#...##.###........#
..
....................
#...##.####.......###
##. #.# ##...#..#


You could see a worm.

Vanquished Creatures
  3 gnolls (D:2)
  3 adders
  A river rat (D:3)
  An ooze (D:1)
  2 worms (D:2)
  2 dart slugs
  A leopard gecko (D:1)
  3 orcs (D:3)
  2 ball pythons
  4 bats
  A giant cockroach (D:1)
  6 goblins
  7 hobgoblins
  4 jackals (D:1)
  2 quokkas
  A frilled lizard (D:1)
  5 kobolds
  2 rats
50 creatures vanquished.

Vanquished Creatures (collateral kills)
  A ball python (D:1)
  A giant cockroach (D:1)
  A quokka (D:3)
  A kobold (D:1)
4 creatures vanquished.

Grand Total: 54 creatures vanquished

Notes
Turn   | Place    | Note
-------+----------+-------------------------------------------
     0 | D:1      | tidbits the Demigod Transmuter began the quest for the Orb.
     0 | D:1      | Reached XP level 1. HP: 15/15 MP: 5/5
    61 | D:1      | Reached skill level 2 in Spellcasting
    66 | D:1      | Reached skill level 2 in Transmutations
   201 | D:1      | Reached XP level 2. HP: 16/22 MP: 5/7
   205 | D:1      | Learned a level 2 spell: Sticks to Snakes
   370 | D:1      | Reached skill level 3 in Transmutations
   568 | D:2      | Found an ancient bone altar of Kikubaaqudgha.
   574 | D:2      | Reached XP level 3. HP: 22/27 MP: 6/8
   579 | D:2      | Learned a level 3 spell: Spider Form
   690 | D:2      | Reached skill level 3 in Unarmed Combat
   917 | D:2      | Reached XP level 4. HP: 33/34 MP: 3/9
  1136 | D:3      | Reached skill level 4 in Unarmed Combat
  1226 | D:3      | Slain by a worm

Vault maps used:
D:1:      minmay_arrival_nine_rooms, fountainhead, amethyst_killhole,
          minivault_26
D:2:      kiku_gazebo_pond_becter
D:3:      overflow_temple_1_default, lightli_sewer_entry_pipes, hex_large,
          uniq_sigmund, uniq_crazy_yiuf_cottage, uniq_robin

Skill      XL: |  1  2  3  4 |
---------------+-------------+-----
Spellcasting   | 2 |  2.0
Transmutations | 2 3 |  3.1
Unarmed Combat | 3 4 |  4.2
Fighting       | |  0.8
Dodging        | |  1.7

Action                   |  1- 3 |  4- 6 || total
-------------------------+-------+-------++-------
Melee: Spear             |    43 |       ||    43
       Kick              |    10 |     5 ||    15
       Dagger            |    25 |    33 ||    58
       Headbutt          |    10 |       ||    10
       Punch             |     1 |       ||     1
       Unarmed           |    24 |    13 ||    37
 Cast: Beastly Appendage |    17 |     6 ||    23
       Sticks to Snakes  |     6 |     3 ||     9
       Spider Form       |     6 |     4 ||    10
  Use: Scroll            |       |     4 ||     4
 Stab: Sleeping          |     2 |     1 ||     3
  Eat: Chunk             |     1 |     3 ||     4
Armor: Robe              |    10 |     4 ||    14
       Skin              |     1 |     1 ||     2
Dodge: Dodged            |    44 |    29 ||    73

Table legend:
 A = Spawn XP
 B = Non-spawn XP
 C = Spawn XP percentage of total XP
 D = Spawn monster count
 E = Non-spawn monster count
 F = Spawn count percentage of total count
 G = Total turns spent on level
                    A         B        C        D         E        F      G
               +---------+---------+-------+---------+---------+-------+---------
         Total |       6 |     184 |   3.2 |       2 |      52 |   3.7 |  1226
               +---------+---------+-------+---------+---------+-------+---------
           D:1 |       0 |      46 |   0.0 |       0 |      23 |   0.0 |   553
           D:2 |       6 |      78 |   7.1 |       2 |      15 |  11.8 |   482
           D:3 |       0 |      60 |   0.0 |       0 |      14 |   0.0 |   191
               +---------+---------+-------+---------+---------+-------+---------

Table legend:
 A = Turns spent in this place as a percentage of turns spent in the entire game.
 B = Non-inter-level travel turns spent in this place as a percentage of non-inter-level travel turns spent in the entire game.
 C = Inter-level travel turns spent in this place as a percentage of turns spent in this place.
 D = Turns resting spent in this place as a percentage of non-inter-level travel turns spent in this place.
 E = Turns spent auto-exploring this place as a percentage of non-inter-level travel turns spent in this place.
 F = Non-inter-level travel turns spent in this place divided by the number of levels of this place that you've seen.
                   A       B       C       D       E      F
               +-------+-------+-------+-------+-------+----------------------
         Total | 100.0 | 100.0 |  14.4 |   0.0 |   0.0 | 349.7
       Dungeon | 100.0 | 100.0 |  14.4 |   0.0 |   0.0 | 349.7
               +-------+-------+-------+-------+-------+----------------------

Table legend:
 A = Kills in this place as a percentage of kills in entire the game.
 B = Kills by you in this place as a percentage of kills by you in the entire game.
 C = Kills by friends in this place as a percentage of kills by friends in the entire game.
 D = Other kills in this place as a percentage of other kills in the entire game.
 E = Experience gained in this place as a percentage of experience gained in the entire game.
 F = Experience gained in this place divided by the number of levels of this place that you have seen.
                   A       B       C       D       E      F
               +-------+-------+-------+-------+-------+----------------------
         Total | 100.0 | 100.0 | 100.0 |   N/A | 100.0 |  63.3
       Dungeon | 100.0 | 100.0 | 100.0 |   N/A | 100.0 |  63.3
               +-------+-------+-------+-------+-------+----------------------

Vault maps used:
D:1:      minmay_arrival_nine_rooms, fountainhead, amethyst_killhole,
          minivault_26
D:2:      kiku_gazebo_pond_becter
D:3:      overflow_temple_1_default, lightli_sewer_entry_pipes, hex_large,
          uniq_sigmund, uniq_crazy_yiuf_cottage, uniq_robin
